 Dungeon Crawl Stone Soup version 0.29.1-12-g30fa7ad0bf (webtiles) character file.

Game seed: 1032530742284247229

9 thatblackman the Ruffian (level 2, -2/37 HPs)
             Began as a Naga Transmuter on Dec 30, 2022.
             Was a Follower of the Shining One.
             Shot with a sling bullet by a goblin (4 damage)
             ... on level 2 of the Dungeon.
             The game lasted 00:09:14 (1015 turns).

thatblackman the Ruffian (Naga Transmuter)          Turns: 1015, Time: 00:09:15

Health: -2/37      AC: 21    Str: 12    XL:     2   Next: 12%
Magic:  5/5        EV:  1    Int: 13    God:    the Shining One [*.....]
Gold:   45         SH:  0    Dex: 11    Spells: 2/5 levels left

rFire   . . .      SeeInvis +   d - +0 dagger
rCold   . . .      Faith    .   (no shield)
rNeg    . . .      Spirit   .   (body armour currently unavailable)
rPois   +          Reflect  .   (helmet currently unavailable)
rElec   .          Harm     .   (cloak currently unavailable)
rCorr   .          Rampage  .   (gloves currently unavailable)
Will    .....      NoTele   +   (no barding)
Stlth   +.........              (no amulet)
HPRegen 0.12/turn               (no ring)
MPRegen 0.09/turn               (no ring)

@: tree-form, glowing
A: stationary, stasis, torment immunity, boosted hp, AC +0, large, see
invisible, (deformed body), (poison resistance), (slowness 2), spit poison 1,
(naga tail 1)
a: Spit Poison, Renounce Religion, Divine Shield


You were on level 2 of the Dungeon.
You worshipped the Shining One.
The Shining One was aware of your devotion.
You were a tree.
You visited 1 branch of the dungeon, and saw 2 of its levels.

You collected 45 gold pieces.

Inventory:

Hand Weapons
 d - a +0 dagger (weapon)
 f - a +0 whip
Missiles
 e - a stone (quivered)
Armour
 a - a +0 robe (melded)
Scrolls
 c - a scroll of brand weapon {unknown}


   Skills:
 + Level 1.0 Fighting
 + Level 1.5 Dodging
 + Level 3.4 Unarmed Combat
 + Level 2.0 Spellcasting
 + Level 2.2 Transmutations


You had 2 spell levels left.
You knew the following spells:

 Your Spells              Type           Power      Damage    Failure   Level
a - Beastly Appendage     Tmut           14%        N/A       10%         1
b - Wereblood             Tmut           7%         N/A       16%         2

Your spell library contained the following spells:

 Spells                   Type           Power      Damage    Failure   Level
 Spider Form              Tmut/Pois      4%         N/A       43%         3
 Ice Form                 Ice/Tmut       4%         N/A       85%         4


Dungeon Overview and Level Annotations

Branches:
Dungeon (2/15)

Altars:
Dithmenos
The Shining One


Innate Abilities, Weirdness & Mutations

You are a tree.
Your roots penetrate the ground, keeping you stationary.
You cannot be teleported.
You are immune to unholy pain and torment.
Your maximum health is greatly increased.
Your equipment is partially melded.
((Your serpentine skin is tough. (AC +0)))
You have supernaturally acute eyesight. (SInv)
((Armour fits poorly on your strangely shaped body.))
((Your system is resistant to poisons. (rPois)))
((You cover ground very slowly.))
You can spit poison.
((You have a snake-like lower body.))


Message History

The goblin shoots a sling bullet.
The sling bullet hits you. The Shining One protects you from harm!
Found a stone staircase leading down.
Throw: 5 stones
Press: ? - help, Q - select action, (/) - cycle Shift-Dir - straight line You can't see that place. [the floor.]
You can't see that place.
Okay, then.
The goblin shoots a sling bullet.
The sling bullet hits you.
* * * LOW HITPOINT WARNING * * *
The goblin shoots a sling bullet.
The sling bullet barely misses you.
Throw: 5 stones
Press: ? - help, Q - select action, (/) - cycle Shift-Dir - straight line, f - goblin
Aim: a goblin, wielding a +0 sling (45% to hit)
You throw a stone.
The stone hits the goblin but does no damage.
The goblin shoots a sling bullet.
The sling bullet barely misses you.
Throw: 4 stones
Press: ? - help, Q - select action, (/) - cycle Shift-Dir - straight line, f/p - goblin
Aim: a goblin, wielding a +0 sling (45% to hit)
You throw a stone. The stone closely misses the goblin.
The goblin shoots a sling bullet.
The sling bullet barely misses you.
Throw: 3 stones
Press: ? - help, Q - select action, (/) - cycle Shift-Dir - straight line, f/p - goblin
Aim: a goblin, wielding a +0 sling (45% to hit)
You throw a stone. The stone barely misses the goblin.
The goblin shoots a sling bullet.
The sling bullet misses you.
Throw: 2 stones
Press: ? - help, Q - select action, (/) - cycle Shift-Dir - straight line, f/p - goblin
Aim: a goblin, wielding a +0 sling (45% to hit)
You throw a stone. The stone hits the goblin.
The goblin is moderately wounded.
Really quaff the potion of lignification? [Y]es or [N]o only, please.
Really quaff the potion of lignification?
You turn into a tree.
Your +0 robe melds into your body.
Your roots penetrate the ground.
The goblin shoots a sling bullet.
The sling bullet hits you.
You die...

#..........#
#.########.# ## #.# #.#
#. #.########.###.
#..............
#######..##.......###
.........##.####..#
##.########.###.####..#
........♣.............#
>#.######...........#.#
#.#########.#.# #g#
#.#.# #.# #.# #.# #.#
...


You could see a goblin.

Vanquished Creatures
  A ball python (D:1)
  A giant cockroach (D:2)
  2 goblins
  3 kobolds (D:1)
  A rat (D:2)
8 creatures vanquished.

Notes
Turn   | Place    | Note
-------+----------+-------------------------------------------
     0 | D:1      | thatblackman the Naga Transmuter began the quest for the
                  | Orb.
     0 | D:1      | Reached XP level 1. HP: 18/18 MP: 3/3
   153 | D:1      | Found a faded altar of an unknown god.
   424 | D:1      | Prayed at the altar of an unknown god.
   424 | D:1      | Became a worshipper of the Shining One
   424 | D:1      | Reached * piety under the Shining One
   891 | D:2      | Found a shadowy altar of Dithmenos.
   899 | D:2      | Reached XP level 2. HP: 25/25 MP: 5/5
   902 | D:2      | Learned a level 2 spell: Wereblood
  1004 | D:2      | HP: 1/25 [goblin/sling bullet (2)]
  1008 | D:2      | The Shining One protects you from harm!
  1010 | D:2      | HP: 1/25 [goblin/sling bullet (1)]
  1015 | D:2      | Shot with a sling bullet by a goblin

Illustrated notes

Levels and vault maps discovered:
D:1:      giann_bridges, layout_loops_corners, serial_rivers,
          chequers_serial_rivers_room_b, chequers_serial_rivers_micro_b,
          chequers_serial_rivers_small_3, chequers_serial_rivers_micro_e,
          chequers_serial_rivers_small_b, chequers_ecumenical_altar_island
D:2:      layout_loops_ring, basic_altar, minivault_24, minmay_octomino_c4

Action                   || total
-------------------------++-------
Melee: Dagger            ||    14
       Unarmed           ||     6
       Whip              ||     5
Throw: Stone             ||     7
 Cast: Beastly Appendage ||     3
Invok: Divine Shield     ||     1
 Abil: Spit Poison       ||     1
  Use: Potion            ||     1
Armor: Robe              ||     2
Dodge: Dodged            ||    27
